 Dungeon Crawl Stone Soup version 0.31.0-11-ge490571c62 (webtiles) character file.

Game seed: 9713528442625578952

2 qw the Shooter (level 1, -5/12 HPs)
             Began as a Deep Elf Hunter on Feb 3, 2024.
             Slain by Natasha (6 damage)
             ... on level 2 of the Dungeon.
             The game lasted 00:00:00 (205 turns).

qw the Shooter (Deep Elf Hunter)                     Turns: 205, Time: 00:00:00

Health: -5/12      AC:  3    Str:  8    XL:     1   Next: 33%
Magic:  3/3        EV: 12    Int: 13    God:
Gold:   42         SH:  0    Dex: 18    Spells: 0/0 levels left

rFire   . . .        a - +0 shortbow
rCold   . . .        (shield currently unavailable)
rNeg    . . .        c - +0 leather armour
rPois   .            (no helmet)
rElec   .            (no cloak)
rCorr   .            (no gloves)
SInv    .            (no boots)
Will    .....        (no amulet)
Stlth   ++           (no ring)
HPRegen 0.22/turn    (no ring)
MPRegen 0.08/turn

%: no passive effects
@: slowed, very slow
A: no striking features
a: no special abilities


You were on level 2 of the Dungeon.
You visited 1 branch of the dungeon, and saw 2 of its levels.

You collected 42 gold pieces.


   Skills:
 - Level 1.5 Fighting
 + Level 5.5 Ranged Weapons
 - Level 2.4 Dodging
 - Level 1.2 Stealth


You couldn't memorise any spells.
You didn't know any spells.
Your spell library was empty.

Inventory:

Hand Weapons
 a - a +0 shortbow (weapon)
Armour
 c - a +0 leather armour (worn)
Scrolls
 b - a scroll of butterflies
 d - a scroll of amnesia {unknown}

Dungeon Overview and Level Annotations

Branches:
Dungeon (1/15)

Altars:

Annotations:
D:2 Natasha


Message History

An endoplasm comes into view.
You shoot an arrow. The arrow hits the endoplasm!
You kill the endoplasm!
A malevolent force fills the Dungeon...
You fall into a shaft and drop 1 floor!
The shaft crumbles and collapses.
You now have 30 gold pieces (gained 18).
Found a trident.
Waypoint 1 assigned to D:2.
You now have 42 gold pieces (gained 12).
Natasha, Servant of Life and Death comes into view.
Natasha hisses angrily.
Natasha casts a spell at you.
You feel yourself slow down.
You shoot an arrow. The arrow hits Natasha.
Natasha is lightly wounded.
You shoot an arrow. The arrow hits Natasha!
Natasha is heavily wounded.
You shoot an arrow. The arrow hits Natasha.
Natasha is almost dead.
Natasha casts a spell.
201 ||| RETREEEEATING.
You shoot an arrow. The arrow barely misses Natasha.
The cerulean imp closely misses you. Natasha claws you but does no damage.
The cerulean imp hits you from afar with a +0 spear.
Natasha claws you.
You shoot an arrow. The arrow closely misses Natasha.
The cerulean imp barely misses you.
Natasha howls an incantation.
You feel troubled. Natasha barely misses you.
The cerulean imp closely misses you.
You shoot an arrow. The arrow closely misses Natasha.
Natasha casts a spell.
The cerulean imp misses you. Natasha claws you.
Ouch! That really hurt!
The cerulean imp hits you from afar with a +0 spear.
205 ||| RETREEEEATING.
Natasha attacks as she pursues you! Natasha claws you.
Ouch! That really hurt!
You die...
Natasha curls up and begins to purr.

##### # #######
#... .. #.....#
##.####...
#.....#####..55....
#.........@h...#
#.....#........#
#.)...#.####$.....#
###.###.# ..~~~..#
#.# #.# #.~~8~~...
#.# #.# ##########
#.###.# #...#.#
###.#.#


You could see Natasha and 2 cerulean imps.

Vanquished Creatures
  An endoplasm (D:1)
  A frilled lizard (D:1)
  A rat (D:1)
3 creatures vanquished.

Notes
Turn   | Place    | Note
-------+----------+-------------------------------------------
     0 | D:1      | qw the Deep Elf Hunter began the quest for the Orb.
     0 | D:1      | Reached XP level 1. HP: 12/12 MP: 3/3
     0 | D:1      | 0 ||| qw: Version: 0.3-a-157-g843a77d
     0 | D:1      | 0 ||| qw: Game counter: 3857
     0 | D:1      | 0 ||| qw: Melee chars always use a shield: true
     0 | D:1      | 0 ||| qw: God list: Okawaru
     0 | D:1      | 0 ||| qw: Allow faded altars: false
     0 | D:1      | 0 ||| qw: Do Orc after clearing Dungeon:15 true
     0 | D:1      | 0 ||| qw: Do second Lair branch before Depths: true
     0 | D:1      | 0 ||| qw: Lair rune preference: random
     0 | D:1      | 0 ||| qw: Goals: Normal
     0 | D:1      | 0 ||| PLANNING D:1-11
   179 | D:1      | You fall into a shaft and drop 1 floor!
   197 | D:2      | Noticed Natasha
   201 | D:2      | Noticed a cerulean imp
   201 | D:2      | 201 ||| RETREEEEATING.
   204 | D:2      | HP: 2/12 [Natasha (6)]
   205 | D:2      | Noticed a cerulean imp
   205 | D:2      | 205 ||| RETREEEEATING.
   205 | D:2      | Slain by Natasha

Levels and vault maps discovered:
D:1:      scummos_arrival_gate, layout_loops_ring, minmay_lizard_king
D:2:      layout_loops_ring, shapermc_ecumenical_altar_mp_highgroup,
          serial_shops, nicolae_shop_stone, moated_statue,
          kennysheep_pointless_box, uniq_natasha

Action                     || total
---------------------------++-------
   Fire: Shortbow          ||     9
 Armour: Leather armour    ||     6
  Dodge: Dodged            ||     5

Table legend:
 A = Non-vault XP
 B = Vault XP
 C = Vault XP percentage of total XP
 D = Non-vault monster count
 E = Vault monster count
 F = Vault count percentage of total count
                 A         B        C        D         E       F
            +---------+---------+-------+---------+---------+-------
      Total |       4 |       0 |   0.0 |       3 |       0 |   0.0
            +---------+---------+-------+---------+---------+-------
        D:1 |       4 |       0 |   0.0 |       3 |       0 |   0.0
            +---------+---------+-------+---------+---------+-------
